 Dungeon Crawl Stone Soup version 0.24-a0-715-g0b739ee41d (webtiles) character file.

Game seed: 15991012586083492030, levelgen mode: deterministic

108479 Mame the Earth Mage (level 16, -5/76 HPs)
             Began as a Gargoyle Earth Elementalist on Sept 30, 2019.
             Was a High Priest of Sif Muna.
             Slain by an ettin
             ... wielding the cursed +2 giant club of Exquisite Torment {elec, +Blink Dex+4 Stlth+}
              (14 damage)
             ... on level 1 of the Orcish Mines.
             The game lasted 03:21:32 (32029 turns).

Mame the Earth Mage (Gargoyle Earth Elementalist)  Turns: 32029, Time: 03:21:32

Health: -5/76      AC: 23    Str: 17    XL:     16   Next: 49%
Magic:  20/41      EV: 20    Int: 23    God:    Sif Muna [*****.]
Gold:   2315       SH:  0    Dex: 11    Spells: 1/40 levels left

rFire    + . .     SeeInvis .   v - staff of energy
rCold    + . .     Gourm    .   (no shield)
rNeg     + + .     Faith    .   w - +2 robe {MR+}
rPois    ∞         Spirit   .   R - +0 helmet of Askuling {rN+ Str+6}
rElec    +         Reflect  .   J - scarf {rC+ rF+}
rCorr    .         Harm     .   c - +2 pair of gloves {archery}
MR       ++...                  t - +2 pair of boots
Stlth    ++........             Q - amulet of magic regeneration
HPRegen  0.22/turn              l - +3 ring of evasion
MPRegen  0.52/turn              k - ring of magical power

@: about to teleport
A: big wings, negative energy resistance 1, electricity resistance, unbreathing,
petrification resistance, rot immunity, AC +12
a: Fly, Channel Magic, Forget Spell, Divine Exegesis, Renounce Religion


You were on level 1 of the Orcish Mines.
You worshipped Sif Muna.
Sif Muna was extremely pleased with you.
You were not hungry.

You visited 4 branches of the dungeon, and saw 22 of its levels.
You also visited: Ice Cave.

You collected 2381 gold pieces.
You spent 66 gold pieces at shops.

Inventory:

Hand Weapons
 W - the +12 Vampire's Tooth {vamp}
   (You found it on level 12 of the Dungeon)

   It inflicts no extra harm, but heals its wielder when it wounds a living foe.
Missiles
 b - 31 stones (quivered)
Armour
 c - a +2 pair of gloves of archery (worn)
 r - a +2 robe of cold resistance
 t - a +2 pair of boots (worn)
 w - a +2 robe of magic resistance (worn)
 J - a scarf of resistance (worn)
 R - the +0 helmet of Askuling (worn) {rN+ Str+6}
   (You found it on level 4 of the Lair of Beasts)

   It affects your strength (+6).
   It protects you from negative energy.
 S - +0 steam dragon scales
Magical Staves
 v - an uncursed staff of energy (weapon)
Jewellery
 k - a ring of magical power (right hand)
 l - a +3 ring of evasion (left hand)
 L - a +3 ring of intelligence
 Q - an amulet of magic regeneration (around neck)
 V - an uncursed ring of see invisible
Wands
 g - a wand of acid (10)
 h - a wand of polymorph (6)
 q - a wand of enslavement (6)
 s - a wand of paralysis (4)
 x - a wand of iceblast (52)
Scrolls
 a - 4 scrolls of teleportation
 d - 2 scrolls of enchant armour
 e - 2 scrolls of fog
 j - 7 scrolls of magic mapping
 m - a scroll of blinking
 u - a scroll of identify
 B - 6 scrolls of remove curse
Potions
 i - a potion of brilliance
 n - a potion of invisibility
 o - 11 potions of curing
 p - 3 potions of heal wounds
 z - a potion of agility
 A - a potion of might
 E - 5 potions of cancellation
 N - 6 potions of haste
 P - a potion of magic
Comestibles
 f - 24 rations


   Skills:
 + Level 9.9 Dodging
 - Level 2.1 Stealth
 + Level 12.7 Spellcasting
 + Level 12.6 Conjurations
 - Level 0.7 Transmutations
 * Level 10.4 Fire Magic
 + Level 16.1 Earth Magic
 + Level 11.4 Invocations


You had one spell level left.
You knew the following spells:

 Your Spells              Type           Power        Failure   Level  Hunger
a - Sandblast             Erth           ######       0%          1    None
b - Stone Arrow           Conj/Erth      ######       1%          3    None
c - Lee's Rapid Deconstr  Erth           ######....   1%          5    None
d - Bolt of Magma         Conj/Fire/Erth ######....   1%          5    None
e - Fireball              Conj/Fire      ######....   1%          5    None
f - Iron Shot             Conj/Erth      ######....   1%          6    None
g - Lehudib's Crystal Sp  Conj/Erth      ######....   58%         8    None
y - Petrify               Tmut/Erth      ######..     1%          4    None
z - Passwall              Tmut/Erth      ######..     1%          2    None

Your spell library contained the following spells:

 Spells                   Type           Power        Failure   Level  Hunger
 Flame Tongue             Conj/Fire      #####        1%          1    None
 Magic Dart               Conj           ####         1%          1    None
 Sting                    Conj/Pois      ####         1%          1    None
 Corona                   Hex            ##.....      4%          1    None
 Freeze                   Ice            ##..         4%          1    None
 Searing Ray              Conj           ######       1%          2    None
 Throw Flame              Conj/Fire      ######       1%          2    None
 Throw Frost              Conj/Ice       #####.       1%          2    None
 Conjure Flame            Conj/Fire      ######..     1%          3    None
 Dazzling Spray           Conj/Hex       #####.       1%          3    None
 Inner Flame              Hex/Fire       #####...     1%          3    None
 Static Discharge         Conj/Air       #####...     1%          3    None
 Iskenderun's Mystic Bla  Conj           ######..     1%          4    None
 Sticky Flame             Conj/Fire      ######..     1%          4    None
 Ignite Poison            Fire/Tmut/Pois ####....     2%          3    None
 Force Lance              Conj/Tloc      #####...     3%          4    None
 Fulminant Prism          Conj/Hex       #####.....   3%          4    None
 Throw Icicle             Conj/Ice       #####...     3%          4    None
 Ensorcelled Hibernation  Hex/Ice        ##....       6%          2    None
 Poisonous Vapours        Pois/Air       ##....       6%          2    None
 Swiftness                Chrm/Air       ##......     6%          2    None
 Irradiate                Conj/Tmut      #####.....   8%          5    None
 Bolt of Draining         Conj/Necr      #####.....   9%          5    None
 Iskenderun's Battlesphe  Conj/Chrm      #####...     9%          5    None
 Venom Bolt               Conj/Pois      #####.....   9%          5    None
 Confuse                  Hex            ##......     13%         3    None
 Ozocubu's Armour         Chrm/Ice       ##......     13%         3    None
 Regeneration             Chrm/Necr      ##........   13%         3    None
 Tukima's Dance           Hex            ##......     13%         3    None
 Orb of Destruction       Conj           ######....   21%         7    None
 Ice Form                 Ice/Tmut       ###.....     36%         4    None
 Passage of Golubria      Tloc           N/A          38%         4    None
 Summon Ice Beast         Ice/Summ       ##......     38%         4    None
 Bolt of Cold             Conj/Ice       #####.....   43%         6    None
 Alistair's Intoxication  Tmut/Pois      ###.....     71%         5    None
 Agony                    Necr           ##......     75%         5    None
 Excruciating Wounds      Chrm/Necr      ##........   75%         5    None
 Metabolic Englaciation   Hex/Ice        ##........   75%         5    None
 Freezing Cloud           Conj/Ice/Air   ####......   75%         6    None
 Darkness                 Hex            ##........   100%        6    None
 Death Channel            Necr           ##........   100%        6    None
 Invisibility             Hex            ##......     100%        6    None
 Ozocubu's Refrigeration  Ice            ##........   100%        6    None
 Simulacrum               Ice/Necr       ##........   100%        6    None
 Death's Door             Chrm/Necr      ##........   100%        8    None
 Glaciate                 Conj/Ice       #####.....   100%        9    None
 Sublimation of Blood     Necr           Unusable     N/A         2    N/A

Dungeon Overview and Level Annotations

Branches:
Dungeon (13/15)            Temple (0/1) D:4            Lair (6/6) D:11
  Swamp (1/4) Lair:4       Spider (0/4) Lair:2        Slime (0/5) Lair:5
    Orc (2/2) D:12            Elf (0/3) Orc:2         IceCv (visited)
 Vaults: D:13-14

Altars:
Elyvilon
Nemelex Xobeh
Okawaru
Sif Muna
Trog
Wu Jian
Xom
Yredelemnul

Shops:
D:5 *!   D:6 *   D:11 }   Orc:1 (   Orc:2 ?!}%(

Portals:
Pandemonium: Orc:2

Annotations:
Swamp:1 exclusion: shambling mangrove
Orc:1 1 transporter, Meonuisi's ghost, journeyman TrBe


Innate Abilities, Weirdness & Mutations

You are resistant to torment.
Your stone body is resilient. (AC +12)
You are immune to poison.
Your large and strong wings let you fly indefinitely.
You resist negative energy. (rN+)
You are resistant to electric shocks. (rElec)
You can survive without breathing.
You are immune to petrification.
You are immune to rotting.


Message History

The two-headed ogre misses you. The two-headed ogre closely misses you.
The two-headed ogre hits you with a +0 giant club!
The two-headed ogre closely misses you.
As you read the scroll of teleportation, it crumbles to dust.
You feel strangely unstable. The two-headed ogre closely misses you.
The two-headed ogre hits you with a +0 giant spiked club!!
The ettin hits you with the cursed +2 giant club of Exquisite Torment {elec, +Blink Dex+4 Stlth+}!!
* * * LOW HITPOINT WARNING * * *
The ettin hits you with the cursed +2 giant spiked club of Beluopamp {crush, rN+ MR+ Str-3 Dex+2}.
* * * LOW HITPOINT WARNING * * *
x2 The two-headed ogre closely misses you. x2
You feel much better.
The two-headed ogre closely misses you. x2
The orc knight unwields a +6 arbalest.
The orc knight wields the +6 great sword "Vuvaun" {antimagic, SInv}.
The orc knight completely misses you.
You feel much better. The ettin hits you but does no damage.
The ettin hits you with the cursed +2 giant spiked club of Beluopamp {crush, rN+ MR+ Str-3 Dex+2}!!!
Ouch! That really hurt!
* * * LOW HITPOINT WARNING * * *
You die...

#....#.## #......### #
##.#.#...#####.......###
##........#.............##
##.#...#.....#####........#
#..........###.©.###.....##
##.....#..##.....# ##.....#
###......##y.#.#####......
#......##O###.#≈#.##....#
###......#@o#≈.$?#...#..###
##.......©#OCy#._!$O.y#©..#.
#.........#O..T..)#.TW#.....
##....#.#.##....#≈##.##...#.
#.....##..#....# #..#.....#
##..#.####.##....## ##.#....
#...### #..###...###..#....
##.## ##...#####...##....
### ###.......######..


You could see an orc knight, an ettin, 3 two-headed ogres, 2 moths of wrath and
a troll.

Vanquished Creatures
  Saint Roka (Orc:2)
  A tentacled monstrosity (Swamp:1)
  Kirke (Swamp:1)
  Aizul (Swamp:1)
  A stone giant (Orc:2)
  A very ugly thing (Swamp:1)
  A dire elephant (Lair:6)
  A catoblepas (Lair:6)
  A ghost crab (Lair:4)
  8 hydras
  5 two-headed ogres
  Erica (D:8)
  A shambling mangrove (Swamp:1)
  16 death yaks
  A deep troll shaman (Lair:6)
  Nergalle (D:10)
  3 orc high priests (Orc:2)
  A soul eater (Orc:2)
  Sonja (Orc:2)
  A skeletal warrior (D:11)
  A sixfirhy (Orc:2)
  3 unseen horrors
  A torturous demonspawn (Orc:2)
  3 infernal demonspawn (Orc:2)
  A swamp dragon (Swamp:1)
  Pikel (D:8)
  8 orc knights
  A necromancer (IceCv)
  A manticore (D:10)
  An ugly thing (D:11)
  5 oklob plants
  9 orc sorcerers
  14 elephants (Lair:6)
  Maurice (Orc:2)
  An ice statue (IceCv)
  A rust devil (Orc:2)
  2 centaur zombies
  2 black mambas
  Psyche (D:11)
  A gargoyle (D:11)
  18 spiny frogs
  2 komodo dragons
  10 freezing wraiths (IceCv)
  2 rime drakes
  A kobold demonologist (D:11)
  A red devil (Orc:2)
  4 trolls
  3 polar bears (Lair:6)
  Grinder (D:5)
  4 tyrant leeches
  The ghost of Rosaphim the Poker, an amateur DsGl (D:5)
  6 hippogriffs
  2 hornets (Swamp:1)
  Prince Ribbit (D:5)
  A wolf spider simulacrum (IceCv)
  5 slime creatures (D:12)
  10 blink frogs
  2 vampires (D:12)
  34 yaks
  2 water elementals (D:11)
  Sigmund (D:2)
  3 spriggans
  3 wyverns
  2 basilisks (D:11)
  2 humans (D:7)
  2 death yak simulacra (IceCv)
  4 hogs (Swamp:1)
  A hungry ghost (D:7)
  A chaos spawn (Orc:2)
  4 steam dragons
  11 vampire mosquitoes
  A neqoxec (Orc:2)
  6 swamp worms
  Menkaure (D:4)
  Edmund (D:5)
  5 wargs (Orc:1)
  7 porcupines
  An acid dragon (D:10)
  12 water moccasins
  2 sky beasts
  36 orc warriors
  2 slaves (D:8)
  17 ice beasts
  4 swamp drakes (Swamp:1)
  A necrophage (D:6)
  6 ogres
  2 phantoms
  42 wolves
  18 crocodiles
  10 centaurs
  17 big kobolds
  20 bullfrogs
  3 scorpions
  6 killer bees (D:11)
  5 electric eels (D:11)
  2 howler monkeys
  4 crimson imps
  A bullfrog zombie (D:6)
  4 draconian simulacra (IceCv)
  3 quasits
  3 jellies
  Crazy Yiuf (D:2)
  3 centaur skeletons
  9 hounds
  40 orc priests
  13 orc wizards
  Ijyb (D:5)
  5 iguanas
  9 worker ants
  2 spriggan simulacra (IceCv)
  3 troll simulacra (IceCv)
  A killer bee zombie (D:8)
  A wolf simulacrum (IceCv)
  4 centaur simulacra (IceCv)
  2 hound zombies
  Robin (D:2)
  7 gnolls
  2 ogre simulacra (IceCv)
  14 adders
  5 naga simulacra (IceCv)
  3 shadow imps
  12 white imps (IceCv)
  An adder zombie (D:5)
  An adder skeleton (D:4)
  4 worms
  5 dart slugs
  5 leopard geckos
  75 orcs
  2 ball pythons (D:3)
  2 giant cockroaches
  16 goblins
  10 hobgoblins
  25 jackals
  21 kobolds
  2 quokkas
  7 bats
  3 frilled lizards
  A giant cockroach zombie (D:5)
  2 leopard gecko skeletons
  8 rats
  3 fungi
  3 plants
826 creatures vanquished.

Vanquished Creatures (others)
  2 hogs (Swamp:1)
  2 slaves (D:8)
  A shadow imp (D:8)
  3 bushes
  16 fungi
  14 plants
38 creatures vanquished.

Grand Total: 864 creatures vanquished

Notes
Turn   | Place    | Note
-------+----------+-------------------------------------------
     0 | D:1      | Mame the Gargoyle Earth Elementalist began the quest for
                  | the Orb.
     0 | D:1      | Reached XP level 1. HP: 10/10 MP: 3/3
   237 | D:1      | Reached skill level 4 in Earth Magic
   237 | D:1      | Reached XP level 2. HP: 15/15 MP: 0/5
   318 | D:1      | You fall into a shaft and drop 1 floor!
   802 | D:1      | Reached XP level 3. HP: 19/19 MP: 4/6
  1438 | D:2      | Noticed Sigmund
  1881 | D:2      | Reached XP level 4. HP: 19/24 MP: 0/8
  1985 | D:2      | Found a basalt altar of Yredelemnul.
  2052 | D:2      | Found a runed translucent door.
  2053 | D:2      | Noticed Crazy Yiuf
  2185 | D:2      | Noticed Robin
  2188 | D:2      | Reached skill level 5 in Earth Magic
  2262 | D:2      | Killed Robin
  2417 | D:2      | Killed Sigmund
  2417 | D:2      | Reached skill level 6 in Earth Magic
  2417 | D:2      | Reached XP level 5. HP: 15/28 MP: 5/11
  2417 | D:2      | Reached XP level 6. HP: 17/32 MP: 5/12
  2611 | D:2      | Found a shimmering blue altar of Sif Muna.
  2619 | D:2      | Became a worshipper of Sif Muna the Loreminder
  2751 | D:2      | Killed Crazy Yiuf
  3139 | D:3      | You fall into a shaft and drop 3 floors!
  3192 | D:6      | Learned a level 2 spell: Passwall
  3217 | D:6      | Noticed a necrophage
  3227 | D:6      | Killed a necrophage
  3227 | D:6      | Reached skill level 5 in Spellcasting
  3227 | D:6      | Reached skill level 7 in Earth Magic
  3227 | D:6      | Reached XP level 7. HP: 18/36 MP: 5/14
  3371 | D:5      | Entered Level 5 of the Dungeon
  3371 | D:5      | Noticed Prince Ribbit
  3371 | D:5      | Noticed Edmund
  3399 | D:5      | Found an ornate altar of the Wu Jian Council.
  3401 | D:5      | Found a sparkling altar of Nemelex Xobeh.
  3550 | D:3      | Reached * piety under Sif Muna
  4014 | D:4      | Found a staircase to the Ecumenical Temple.
  4375 | D:4      | Noticed Menkaure
  4377 | D:4      | Killed Menkaure
  4377 | D:4      | Reached skill level 8 in Earth Magic
  4407 | D:4      | Reached XP level 8. HP: 33/41 MP: 10/16
  4811 | D:4      | Learned a level 3 spell: Stone Arrow
  4817 | D:4      | Learned a level 5 spell: Lee's Rapid Deconstruction
  4822 | D:4      | Learned a level 4 spell: Petrify
  4990 | D:5      | Noticed Grinder
  4993 | D:5      | Killed Grinder
  5066 | D:5      | Found a runed translucent gate.
  5066 | D:5      | Found a runed translucent gate.
  5066 | D:5      | Found a runed translucent gate.
  5075 | D:5      | Noticed Rosaphim's ghost (amateur DsGl)
  5262 | D:5      | Killed Prince Ribbit
  5262 | D:5      | Reached skill level 9 in Earth Magic
  5292 | D:5      | Killed Edmund
  5686 | D:5      | Reached skill level 10 in Earth Magic
  5689 | D:5      | Reached XP level 9. HP: 45/45 MP: 15/20
  5818 | D:5      | Noticed Ijyb
  5824 | D:5      | Killed Ijyb
  5913 | D:5      | Found Weec's Assorted Antiques.
  5976 | D:5      | Found Dicunisk's Distillery.
  6176 | D:6      | Reached ** piety under Sif Muna
  6202 | D:6      | Found Hazaler's General Store.
  6214 | D:6      | You fall into a shaft and drop 1 floor!
  6262 | D:7      | Reached skill level 1 in Conjurations
  6262 | D:7      | Reached skill level 1 in Invocations
  6264 | D:7      | Found an ornate altar of the Wu Jian Council.
  6575 | D:7      | Found an iron altar of Okawaru.
  6627 | D:7      | Found an iron altar of Okawaru.
  7560 | D:8      | Reached XP level 10. HP: 42/50 MP: 13/22
  7658 | D:8      | Reached *** piety under Sif Muna
  7778 | D:8      | Reached skill level 11 in Earth Magic
  7863 | D:8      | Noticed Pikel
  7872 | D:8      | Killed Pikel
  7872 | D:8      | Reached skill level 5 in Conjurations
  8083 | D:8      | Noticed Erica
  8092 | D:8      | Killed Erica
  8944 | D:9      | Found a white marble altar of Elyvilon.
  9250 | D:9      | Found a shimmering altar of Xom.
  9263 | D:9      | Reached skill level 5 in Invocations
  9355 | D:9      | Noticed a two-headed ogre
  9363 | D:9      | Killed a two-headed ogre
  9363 | D:9      | Reached XP level 11. HP: 54/54 MP: 9/24
  9751 | D:10     | Entered Level 10 of the Dungeon
  9789 | D:10     | Killed an unseen horror
  9850 | D:10     | Noticed a manticore
  9867 | D:10     | Killed a manticore
 10088 | D:10     | Killed an unseen horror
 10088 | D:10     | Reached **** piety under Sif Muna
 10088 | D:10     | Reached skill level 12 in Earth Magic
 10122 | D:10     | Noticed a two-headed ogre
 10147 | D:9      | Killed a two-headed ogre
 10147 | D:9      | Reached skill level 5 in Dodging
 10556 | D:10     | Noticed Nergalle
 10560 | D:10     | Killed Nergalle
 11159 | D:11     | Noticed Psyche
 11161 | D:11     | Killed Psyche
 11237 | D:11     | Noticed a two-headed ogre
 11246 | D:11     | Killed a two-headed ogre
 11329 | D:11     | Reached ***** piety under Sif Muna
 11341 | D:11     | Reached skill level 10 in Spellcasting
 11341 | D:11     | Reached XP level 12. HP: 51/59 MP: 1/26
 11441 | D:11     | Noticed a two-headed ogre
 11443 | D:11     | Identified Sif Muna's Almanac of Venom and Confrontation
                  | (Sif Muna gifted it to you on level 11 of the Dungeon)
 11443 | D:11     | Received a gift from Sif Muna
 11451 | D:11     | Killed a two-headed ogre
 11543 | D:11     | Learned a level 5 spell: Bolt of Magma
 11617 | D:11     | Found a staircase to the Lair.
 11622 | D:11     | Reached skill level 13 in Earth Magic
 11729 | D:11     | Found Nicim's Gadget Shoppe.
 12679 | D:12     | Found a staircase to the Orcish Mines.
 12679 | D:12     | Found Tumu Wix's Weapon Shoppe.
 12733 | D:12     | Found a frozen archway.
 12735 | D:12     | Received a gift from Sif Muna
 12737 | D:12     | Reached skill level 1 in Fire Magic
 12756 | IceCv    | Entered an ice cave
 12885 | IceCv    | Reached XP level 13. HP: 51/63 MP: 15/27
 13064 | IceCv    | Found an ancient bone altar of Kikubaaqudgha.
 13679 | D:12     | Identified Sif Muna's Volume of the Assistive Mountains
                  | (Sif Muna gifted it to you on level 12 of the Dungeon)
 13679 | D:12     | Received a gift from Sif Muna
 14243 | D:12     | Reached skill level 10 in Conjurations
 14244 | D:12     | Reached skill level 14 in Earth Magic
 14583 | D:12     | Found the +12 Vampire's Tooth {vamp}
 14723 | Lair:1   | Entered Level 1 of the Lair of Beasts
 15090 | D:5      | Killed Rosaphim's ghost
 15768 | Lair:1   | Got a dazzling chain mail
 16788 | Lair:2   | Received a gift from Sif Muna
 16818 | Lair:2   | Learned a level 5 spell: Fireball
 16912 | Lair:2   | Learned a level 8 spell: Lehudib's Crystal Spear
 17038 | Lair:2   | Gained mutation: Your large and strong wings let you fly
                  | indefinitely. [Gargoyle growth]
 17038 | Lair:2   | Reached XP level 14. HP: 68/68 MP: 29/29
 17322 | Lair:2   | Reached skill level 5 in Fire Magic
 17834 | Lair:2   | Found a hole to the Spider Nest.
 19249 | Lair:4   | Found a staircase to the Swamp.
 19688 | Lair:4   | Got a scorched helmet
 19777 | Lair:4   | Identified the cursed +0 helmet of Askuling {rN+ Str+6}
                  | (You found it on level 4 of the Lair of Beasts)
 19797 | Lair:4   | Identified the +5 chain mail of the Other World {+Fly MR-
                  | Regen+ rCorr} (You found it on level 1 of the Lair of
                  | Beasts)
 20253 | Lair:5   | Found a staircase to the Slime Pits.
 20322 | Lair:5   | Identified Sif Muna's Guide on Talismans and Confrontation
                  | (Sif Muna gifted it to you on level 5 of the Lair of
                  | Beasts)
 20322 | Lair:5   | Received a gift from Sif Muna
 20756 | Lair:6   | Entered Level 6 of the Lair of Beasts
 21243 | Lair:5   | Reached skill level 15 in Earth Magic
 21477 | Lair:5   | Reached skill level 10 in Invocations
 21788 | Lair:6   | Reached XP level 15. HP: 64/72 MP: 12/30
 23306 | Lair:6   | Got a scorched scale mail
 23591 | D:11     | Identified the +0 scale mail of Indecent Exposure {+Fly
                  | rN++ rCorr Stlth+} (You found it on level 6 of the Lair of
                  | Beasts)
 23813 | D:6      | Bought 3 scrolls of identify for 66 gold pieces
 23815 | D:6      | Identified a scroll of acquirement
 24110 | Orc:1    | Entered Level 1 of the Orcish Mines
 24111 | Orc:1    | Found a transporter.
 24120 | Orc:1    | Found a bloodstained altar of Trog.
 24129 | Orc:1    | Identified the cursed +2 giant club of Exquisite Torment
                  | {elec, +Blink Dex+4 Stlth+}
 24129 | Orc:1    | Identified the cursed +2 giant spiked club of Beluopamp
                  | {crush, rN+ MR+ Str-3 Dex+2}
 24129 | Orc:1    | Identified the +6 great sword "Vuvaun" {antimagic, SInv}
 24677 | Orc:1    | Identified Sif Muna's Reference Book on Evil Toxins (Sif
                  | Muna gifted it to you on level 1 of the Orcish Mines)
 24677 | Orc:1    | Received a gift from Sif Muna
 24799 | Orc:1    | Found Mennad's Weapon Emporium.
 24839 | Orc:1    | Found a transporter.
 24842 | Orc:1    | Noticed Meonuisi's ghost (journeyman TrBe)
 25041 | Orc:2    | Entered Level 2 of the Orcish Mines
 25045 | Orc:2    | Noticed Sonja
 25401 | Orc:2    | Found a staircase to the Elven Halls.
 25499 | Orc:2    | Found Daquro's Magic Scroll Shoppe.
 25520 | Orc:2    | Noticed Saint Roka
 25851 | Orc:2    | Noticed Maurice
 25855 | Orc:2    | Killed Maurice
 25937 | Orc:2    | Killed Sonja
 28369 | Orc:2    | Killed Saint Roka
 28588 | Orc:2    | Found Semuxim's Distillery.
 28592 | Orc:2    | Found Jeuvuthias's Food Boutique.
 28603 | Orc:2    | Identified Sif Muna's Collected Works on Attacks (Sif Muna
                  | gifted it to you on level 2 of the Orcish Mines)
 28603 | Orc:2    | Received a gift from Sif Muna
 29322 | Orc:2    | Reached XP level 16. HP: 58/76 MP: 6/32
 29538 | Orc:2    | Found Peplamam's Gadget Shoppe.
 29538 | Orc:2    | Found Kissiej's Antique Weapon Emporium.
 29538 | Orc:2    | Found a one-way gate leading to the halls of Pandemonium.
 29852 | D:11     | Learned a level 6 spell: Iron Shot
 30020 | Swamp:1  | Entered Level 1 of the Swamp
 30301 | Swamp:1  | Reached skill level 10 in Fire Magic
 30317 | Swamp:1  | Noticed Aizul
 30450 | Swamp:1  | Killed Aizul
 30954 | Swamp:1  | Reached skill level 16 in Earth Magic
 31212 | Swamp:1  | Noticed Kirke
 31317 | Swamp:1  | Killed Kirke
 31616 | Swamp:1  | Noticed a tentacled monstrosity
 31622 | Swamp:1  | Killed a tentacled monstrosity
 32029 | Orc:1    | Slain by an ettin

Levels and vault maps discovered:
D:1:      dpeg_arrival_simpleton_b, layout_basic
D:2:      layout_rooms, lemuel_coloured_pillars_altar,
          nicolae_overflow_hidden_temple, uniq_crazy_yiuf_cottage, uniq_robin,
          uniq_sigmund
D:3:      layout_basic
D:4:      cheibrodos_old_hovel, layout_loops_corners, minmay_temple_entry_tees,
          first_ration, chequers_mini_garden, uniq_menkaure
D:5:      layout_basic, grunt_temple_overflow_open, serial_shops,
          nicolae_shop_overgrown_old_shop, shop, gammafunk_ghost_necromancy,
          uniq_prince_ribbit1, uniq_ijyb, uniq_edmund, uniq_grinder
D:6:      layout_rooms, serial_shops, shop
D:7:      layout_loops_ring, old_standard_altar, basic_altar, okawaru_humans
D:8:      cheibrodos_steamvent, layout_loops_ring, uniq_erica, uniq_pikel
D:9:      layout_basic, elyvilon_altar_5, nrook_uturn, xom_teletrap_fun
D:10:     layout_irregular_city, uniq_nergalle
D:11:     minmay_s_stair_smasher, layout_basic, minmay_lair_entry_grove,
          serial_shops, kennysheep_little_box, special_room
          [special_room_kobold], the_bakery, kennysheep_potato, uniq_psyche
D:12:     layout_roguey, orc_david_3, portal_ice_cave_entry_ice_beasts,
          minmay_misc_feat_plants, drop_trap,
          minmay_guarded_unrand_vampires_tooth
D:13:     layout_cave_pools, grunt_vaults_entry_fortified,
          grunt_decor_one_mirror, uniq_josephine
Lair:1:   layout_loops_ring, serial_bayou_pond_e, nicolae_quartered_pool_medium,
          grunt_megastairs_1, infiniplex_staircase_pool,
          minmay_lair_oklob_chamber
Lair:2:   layout_gridlike, spider_nest_entry_web_field
Lair:3:   layout_chaotic_city
Lair:4:   layout_loops_ring, minmay_swamp_entry_worms, minmay_lair_oklob_items
Lair:5:   layout_regular_city, slime_dummy, grunt_megastairs_5,
          serial_bayou_shore_a
Lair:6:   grunt_lair_end_beastmaster, layout_cave_pods, wad_woods_road_05,
          grunt_megastairs_3
Swamp:1:  cheibrodos_swamp_monstrosity, layout_basic_swamp,
          evilmike_swamp_ruin_house_1, swamp_pool4, hangedman_swamp_cone,
          uniq_kirke, uniq_aizul
Orc:1:    layout_diamond_mine, gammafunk_ghost_wrathful_warriors, serial_shops,
          nicolae_shop_stone, guppyfry_library_mini
Orc:2:    pf_orc_diabolical, layout_diamond_mine, serial_shops,
          nicolae_shop_waterfront, nicolae_orc_flooded_monolith,
          lightli_orcish_oven, uniq_saint_roka, uniq_maurice, uniq_sonja

Skill      XL: |  1  2  3  4  5  6  7  8  9 10 11 12 13 14 15 16 |
---------------+-------------------------------------------------+-----
Earth Magic    | 4 6 7 8 10 11 12 13 14 15 16 | 16.1
Spellcasting   | 3 4 5 7 8 9 10 11 12 | 12.7
Conjurations   | 4 6 8 9 10 11 12 | 12.6
Invocations    | 3 5 6 7 9 10 11 | 11.4
Dodging        | 3 4 5 7 8 9 |  9.9
Fire Magic     | 1 4 7 9 10 | 10.4
Stealth        | |  2.1
Transmutations | |  0.7

Action                   |  1- 3 |  4- 6 |  7- 9 | 10-12 | 13-15 | 16-18 || total
-------------------------+-------+-------+-------+-------+-------+-------++-------
Melee: Dagger            |    79 |    23 |    45 |    14 |       |       ||   161
       Rapier            |       |       |    14 |       |       |       ||    14
       Whip              |       |       |       |    12 |     4 |       ||    16
       Quick blade       |       |       |       |       |    45 |       ||    45
Throw: Stone             |       |       |       |       |       |     2 ||     2
 Cast: Sandblast         |    30 |    66 |   121 |   155 |   168 |     2 ||   542
       Stone Arrow       |       |       |    20 |    98 |   300 |    38 ||   456
       Lee's Rapid Decon |       |       |     9 |    80 |   230 |    27 ||   346
       Bolt of Magma     |       |       |       |     1 |    41 |    24 ||    66
       Petrify           |       |       |       |       |    19 |       ||    19
       Fireball          |       |       |       |       |    65 |    22 ||    87
       Lehudib's Crystal |       |       |       |       |     2 |       ||     2
       Iron Shot         |       |       |       |       |       |    14 ||    14
Invok: Channel Magic     |       |       |       |     1 |       |     1 ||     2
  Use: Scroll            |     1 |     2 |     7 |     9 |    21 |     4 ||    44
       Potion            |       |       |     1 |     1 |     8 |     3 ||    13
 Stab: Sleeping          |     2 |       |       |       |       |       ||     2
  Eat: Chunk             |     3 |     4 |    10 |    21 |    61 |     3 ||   102
       Ration            |       |       |     2 |     3 |    11 |     4 ||    20
Armor: Robe              |    34 |    21 |    29 |    44 |    79 |    30 ||   237
       Steam dragon scal |       |       |       |    17 |    21 |       ||    38
Dodge: Dodged            |    75 |    33 |    70 |   118 |   241 |    79 ||   616

Table legend:
 A = Non-vault XP
 B = Vault XP
 C = Vault XP percentage of total XP
 D = Non-vault monster count
 E = Vault monster count
 F = Vault count percentage of total count
                 A         B        C        D         E       F
            +---------+---------+-------+---------+---------+-------
      Total |   82135 |   72835 |  47.0 |     518 |     302 |  36.8
            +---------+---------+-------+---------+---------+-------
        D:1 |      46 |       0 |   0.0 |      22 |       0 |   0.0
        D:2 |      62 |     288 |  82.3 |      21 |      15 |  41.7
        D:3 |      81 |       0 |   0.0 |      27 |       0 |   0.0
        D:4 |     356 |     185 |  34.2 |      26 |       2 |   7.1
        D:5 |     391 |    1093 |  73.7 |      10 |       9 |  47.4
        D:6 |     765 |       0 |   0.0 |      14 |       0 |   0.0
        D:7 |    1190 |     374 |  23.9 |      19 |       2 |   9.5
        D:8 |    1221 |    2026 |  62.4 |      30 |       5 |  14.3
        D:9 |    2450 |       0 |   0.0 |      16 |       0 |   0.0
       D:10 |    4093 |     828 |  16.8 |      28 |       1 |   3.4
       D:11 |    6019 |    7448 |  55.3 |      39 |      51 |  56.7
       D:12 |    3568 |    3142 |  46.8 |      18 |      20 |  52.6
     Lair:1 |    5560 |    2932 |  34.5 |      30 |       7 |  18.9
     Lair:2 |    8650 |       0 |   0.0 |      27 |       0 |   0.0
     Lair:3 |    4603 |       0 |   0.0 |      24 |       0 |   0.0
     Lair:4 |    5244 |     917 |  14.9 |      17 |       3 |  15.0
     Lair:5 |    8165 |    4271 |  34.3 |      20 |      11 |  35.5
     Lair:6 |    9518 |    9090 |  48.8 |      28 |      17 |  37.8
    Swamp:1 |   12064 |    7952 |  39.7 |      30 |       9 |  23.1
      Orc:1 |    4310 |     979 |  18.5 |      30 |      10 |  25.0
      Orc:2 |    3779 |   24575 |  86.7 |      42 |      86 |  67.2
      IceCv |       0 |    6735 | 100.0 |       0 |      54 | 100.0
            +---------+---------+-------+---------+---------+-------
